 Dungeon Crawl Stone Soup version 0.21.1-1-g345015f (webtiles) character file.

871 tidbits the Charmwright (level 8, -7/63 HPs)
             Began as a Gnoll Skald on June 26, 2018.
             Was a Follower of Cheibriados.
             Mangled by an orc warrior
             ... wielding a +0 scimitar
              (20 damage)
             ... on level 8 of the Dungeon.
             The game lasted 00:11:45 (1317 turns).

tidbits the Charmwright (Gnoll Skald)               Turns: 1317, Time: 00:11:46

Health: -7/63      AC:  6    Str: 20      XL:     8   Next: 3%
Magic:  5/16       EV: 15    Int: 20 (21) God:    Cheibriados [*.....]
Gold:   109        SH:  0    Dex: 14 (16) Spells: 7/18 levels left

rFire    . . .     SeeInvis .   a - +0 hand axe
rCold    . . .     Gourm    .   (no shield)
rNeg     . . .     Faith    .   b - +0 leather armour
rPois    .         Spirit   .   (no helmet)
rElec    .         Reflect  .   C - +2 cloak
rCorr    .         Harm     .   (no gloves)
MR       +....                  (no boots)
Stlth    ++........             l - amulet of regeneration
HPRegen  0.20/turn              (no ring)
MPRegen  0.15/turn              i - ring of protection from magic

@: mighty, very slightly contaminated, very slow
A: distributed training, fangs 1, strong nose
a: Bend Time, Renounce Religion


You were on level 8 of the Dungeon.
You worshipped Cheibriados.
Cheibriados was aware of your devotion.
You were hungry.

You visited 2 branches of the dungeon, and saw 10 of its levels.

You collected 235 gold pieces.
You spent 126 gold pieces at shops.

Inventory:

Hand Weapons
 a - a +0 hand axe (weapon)
 o - a +0 hunting sling
 t - a +0 flail
Missiles
 e - 100 arrows
 n - 33 stones (quivered)
Armour
 b - a +0 leather armour (worn)
 g - a +2 cloak
 k - a +0 ring mail
 C - a +2 cloak (worn)
Jewellery
 i - a ring of protection from magic (right hand)
   (You found it on level 7 of the Dungeon)
 l - an amulet of regeneration (around neck)
   (You found it on level 8 of the Dungeon)
Scrolls
 f - a scroll of fear
 h - 2 scrolls of random uselessness
 j - 2 scrolls of enchant armour
 m - 2 scrolls of enchant weapon
 p - 2 scrolls of immolation
 r - a scroll of remove curse
 s - a scroll of blinking
 v - a scroll of magic mapping
Potions
 u - a potion of degeneration
Books
 c - a book of Battle

   Spells                             Type                      Level
   a - Infusion                       Charms                       1
   b - Shroud of Golubria             Charms/Translocation         2
   c - Song of Slaying                Charms                       2
   d - Spectral Weapon                Hexes/Charms                 3
   e - Regeneration                   Charms/Necromancy            3
Comestibles
 d - 8 rations


   Skills:
 + Level 5.4 Fighting
 + Level 2.8 Short Blades
 + Level 2.8 Long Blades
 + Level 5.4 Axes
 + Level 2.8 Maces & Flails
 + Level 2.8 Polearms
 + Level 2.8 Staves
 + Level 2.8 Slings
 + Level 2.8 Bows
 + Level 2.8 Crossbows
 + Level 2.8 Throwing
 + Level 3.9 Armour
 + Level 5.4 Dodging
 + Level 2.8 Stealth
 + Level 2.8 Shields
 + Level 2.8 Unarmed Combat
 + Level 5.8 Spellcasting
 + Level 2.3 Conjurations
 + Level 2.3 Hexes
 + Level 5.9 Charms
 + Level 2.3 Summonings
 + Level 2.3 Necromancy
 + Level 2.3 Translocations
 + Level 2.3 Transmutations
 + Level 2.3 Fire Magic
 + Level 2.3 Ice Magic
 + Level 2.3 Air Magic
 + Level 2.3 Earth Magic
 + Level 2.3 Poison Magic
 + Level 3.1 Invocations
 + Level 2.8 Evocations


You had 7 spell levels left.
You knew the following spells:

 Your Spells              Type           Power        Failure   Level  Hunger
g - Shroud of Golubria    Chrm/Tloc      ###.......   3%          2    None
i - Infusion              Chrm           ####         1%          1    None
r - Regeneration          Chrm/Necr      ###.......   7%          3    ##.....
w - Spectral Weapon       Hex/Chrm       ###.....     7%          3    ##.....
y - Song of Slaying       Chrm           ####....     1%          2    None


Dungeon Overview and Level Annotations

Branches:
Dungeon (9/15)             Temple (1/1) D:4
   Lair: D:8-11         Orc: D:9-12

Altars:
Ashenzari
Cheibriados
Dithmenos
Kikubaaqudgha
Okawaru
Qazlal
Trog
Uskayaw
Vehumet
Wu Jian
Xom
Yredelemnul
Zin
The Shining One

Shops:
D:4 *


Innate Abilities, Weirdness & Mutations

Your experience applies equally to all skills.
You have very sharp teeth.
Your uncanny sense of smell can sniff out nearby items.


Message History

Your spectral weapon hits the adder.
You barely miss the adder. Your bite misses the adder.
The adder is severely wounded.
Your spectral weapon completely misses the adder.
The adder barely misses you.
You miss the adder.
The adder is severely wounded.
Your spectral weapon hits the adder.
The adder closely misses you. The adder bites you but does no damage.
You hit the adder. Your bite misses the adder.
The adder is almost dead.
Your spectral weapon completely misses the adder.
The adder bites you but does no damage.
A quokka comes into view.
You hit the adder.
You kill the adder!
Cheibriados appreciates the change of pace.
You have reached level 8!
You feel clever.
You hear a shout!
You see here an adder corpse.
You butcher the adder corpse.
An orc wizard comes into view. It is wielding a dagger.
You see here a chunk of flesh.
Eat a chunk of flesh? (ye/n/q)
You eat the chunk of flesh.
This raw flesh tastes terrible.
You are feeling hungry.
Your song is almost over.
Your spectral weapon fades away.
An orc comes into view.
Casting: Shroud of Golubria
Confirm with . or Enter, or press ? or * to list all spells.
You miscast Spectral Weapon.
You are very lightly contaminated with residual magic.
Nothing appears to happen.
The orc wizard points at you and mumbles some strange words.
The magic dart hits you!
Casting: Spectral Weapon
Confirm with . or Enter, or press ? or * to list all spells.
You draw out your weapon's spirit!
You hear a shout!
The quokka barely misses you.
You hit the orc wizard.
The orc wizard is moderately wounded.
You closely miss the quokka.
The orc wizard hits you but does no damage.
The quokka misses you.
An orc warrior comes into view. It is wielding a scimitar.
You slash the orc wizard!
The orc wizard is severely wounded.
You closely miss the quokka.
Your spectral weapon hits the orc wizard.
You kill the orc wizard!
Cheibriados appreciates the change of pace.
Your spectral weapon hits the orc.
The quokka bites you but does no damage.
The orc closely misses your spectral weapon.
You slash the quokka!
You kill the quokka!
Cheibriados appreciates the change of pace.
The orc hits your spectral weapon.
Your spectral weapon shares its damage with you!
You barely miss the orc warrior.
Your song has ended.
Your spectral weapon barely misses the orc warrior.
Your spectral weapon hits the orc.
You kill the orc!
Cheibriados appreciates the change of pace.
The orc warrior completely misses you.
Casting: Spectral Weapon
Confirm with . or Enter, or press ? or * to list all spells.
Space distorts slightly along a thin shroud covering your body.
The orc warrior closely misses you.
You aren't carrying any items that you can evoke.
Unknown command.
You closely miss the orc warrior.
Your spectral weapon hits the orc warrior but does no damage.
You hit the orc warrior but do no damage.
Your bite misses the orc warrior.
Your spectral weapon hits the orc warrior.
The orc warrior hits you with a scimitar!!
* * * LOW HITPOINT WARNING * * *
Your shroud falls apart!
You feel very mighty all of a sudden.
The orc warrior hits you but does no damage.
Unknown command.
You hit the orc warrior but do no damage.
The orc warrior is lightly wounded.
Your spectral weapon completely misses the orc warrior.
The orc warrior hits you with a scimitar!
* * * LOW HITPOINT WARNING * * *
You closely miss the orc warrior.
The orc warrior is lightly wounded.
Your spectral weapon hits the orc warrior.
The orc warrior closely misses you.
You completely miss the orc warrior.
The orc warrior is lightly wounded.
Your spectral weapon barely misses the orc warrior.
The orc warrior hits you with a scimitar!!
You die...

#............
#...........#
#...........#
#######..[....$...#
#.................#
#.....>...........#
...................#
..######...........#
#......@....#
#.......o(..#
#########...# ...#
..# ..# .# ..


You could see an orc warrior and a friendly spectral hand axe.

Vanquished Creatures
  An ice beast (D:6)
  A sky beast (D:8)
  A phantom (D:9)
  4 killer bees (D:7)
  A howler monkey (D:8)
  4 orc priests
  3 orc wizards
  A worker ant zombie (D:5)
  4 gnolls (D:3)
  7 adders
  An ooze (D:2)
  2 worms
  3 dart slugs
  2 leopard geckos
  7 orcs
  2 giant cockroaches
  7 hobgoblins
  3 jackals (D:5)
  A quokka (D:8)
  11 bats
  6 frilled lizards
  7 goblins
  4 kobolds
  A leopard gecko skeleton (D:5)
  5 rats
89 creatures vanquished.

Notes
Turn   | Place    | Note
-------+----------+-------------------------------------------
     0 | D:1      | tidbits the Gnoll Skald began the quest for the Orb.
     0 | D:1      | Reached XP level 1. HP: 20/20 MP: 6/6
    54 | D:1      | Reached XP level 2. HP: 4/26 MP: 2/7
    63 | D:1      | Learned a level 2 spell: Song of Slaying
    66 | D:1      | Learned a level 2 spell: Shroud of Golubria
    93 | D:2      | Reached XP level 3. HP: 4/31 MP: 5/9
   102 | D:1      | Learned a level 3 spell: Regeneration
   107 | D:1      | Learned a level 3 spell: Spectral Weapon
   153 | D:1      | Reached skill level 5 in Spellcasting
   234 | D:1      | Reached skill level 1 in Invocations
   393 | D:2      | Reached skill level 1 in Short Blades
   393 | D:2      | Reached skill level 1 in Long Blades
   393 | D:2      | Reached skill level 1 in Maces & Flails
   393 | D:2      | Reached skill level 1 in Polearms
   393 | D:2      | Reached skill level 1 in Staves
   393 | D:2      | Reached skill level 1 in Slings
   393 | D:2      | Reached skill level 1 in Bows
   393 | D:2      | Reached skill level 1 in Crossbows
   393 | D:2      | Reached skill level 1 in Throwing
   393 | D:2      | Reached skill level 1 in Stealth
   393 | D:2      | Reached skill level 1 in Shields
   393 | D:2      | Reached skill level 1 in Unarmed Combat
   393 | D:2      | Reached skill level 1 in Evocations
   393 | D:2      | Reached XP level 4. HP: 32/38 MP: 4/11
   407 | D:3      | Found a glowing silver altar of Zin.
   409 | D:3      | Reached skill level 1 in Conjurations
   409 | D:3      | Reached skill level 1 in Hexes
   409 | D:3      | Reached skill level 1 in Summonings
   409 | D:3      | Reached skill level 1 in Necromancy
   409 | D:3      | Reached skill level 1 in Translocations
   409 | D:3      | Reached skill level 1 in Transmutations
   409 | D:3      | Reached skill level 1 in Fire Magic
   409 | D:3      | Reached skill level 1 in Ice Magic
   409 | D:3      | Reached skill level 1 in Air Magic
   409 | D:3      | Reached skill level 1 in Earth Magic
   409 | D:3      | Reached skill level 1 in Poison Magic
   442 | D:3      | HP: 3/38 [orc priest/divine providence (11)]
   448 | D:3      | Reached XP level 5. HP: 4/43 MP: 4/12
   450 | D:3      | Reached skill level 3 in Armour
   457 | D:3      | Reached XP level 6. HP: 6/50 MP: 5/13
   523 | D:3      | Reached skill level 2 in Invocations
   540 | D:4      | Found a shattered altar of Ashenzari.
   562 | D:4      | Found a glowing golden altar of the Shining One.
   675 | D:2      | Found a radiant altar of Vehumet.
   743 | D:4      | Found Ukul's General Store.
   751 | D:4      | Bought a scroll of immolation for 49 gold pieces
   751 | D:4      | Bought a scroll of fear for 49 gold pieces
   766 | D:4      | Bought a scroll of identify for 28 gold pieces
   800 | D:4      | Found a staircase to the Ecumenical Temple.
   809 | Temple   | Entered the Ecumenical Temple
   818 | Temple   | Became a worshipper of Cheibriados the Contemplative
   952 | D:5      | Entered Level 5 of the Dungeon
   997 | D:5      | Reached skill level 5 in Fighting
   997 | D:5      | Reached skill level 2 in Short Blades
   997 | D:5      | Reached skill level 2 in Long Blades
   997 | D:5      | Reached skill level 5 in Axes
   997 | D:5      | Reached skill level 2 in Maces & Flails
   997 | D:5      | Reached skill level 2 in Polearms
   997 | D:5      | Reached skill level 2 in Staves
   997 | D:5      | Reached skill level 2 in Slings
   997 | D:5      | Reached skill level 2 in Bows
   997 | D:5      | Reached skill level 2 in Crossbows
   997 | D:5      | Reached skill level 2 in Throwing
   997 | D:5      | Reached skill level 5 in Dodging
   997 | D:5      | Reached skill level 2 in Stealth
   997 | D:5      | Reached skill level 2 in Shields
   997 | D:5      | Reached skill level 2 in Unarmed Combat
   997 | D:5      | Reached skill level 2 in Evocations
  1092 | D:6      | Noticed an ice beast
  1100 | D:6      | Killed an ice beast
  1100 | D:6      | Reached XP level 7. HP: 49/56 MP: 10/15
  1149 | D:7      | Found a shadowy altar of Dithmenos.
  1173 | D:7      | Reached skill level 2 in Conjurations
  1173 | D:7      | Reached skill level 2 in Hexes
  1173 | D:7      | Reached skill level 2 in Summonings
  1173 | D:7      | Reached skill level 2 in Necromancy
  1173 | D:7      | Reached skill level 2 in Translocations
  1173 | D:7      | Reached skill level 2 in Transmutations
  1173 | D:7      | Reached skill level 2 in Fire Magic
  1173 | D:7      | Reached skill level 2 in Ice Magic
  1173 | D:7      | Reached skill level 2 in Air Magic
  1173 | D:7      | Reached skill level 2 in Earth Magic
  1173 | D:7      | Reached skill level 2 in Poison Magic
  1272 | D:9      | Reached * piety under Cheibriados
  1292 | D:8      | Reached skill level 3 in Invocations
  1300 | D:8      | Reached XP level 8. HP: 49/63 MP: 10/16
  1317 | D:8      | Mangled by an orc warrior

Skill      XL: |  1  2  3  4  5  6  7 |
---------------+----------------------+-----
Spellcasting   | 5 |  5.8
Invocations    | 1 2 3 |  3.1
Short Blades   | 1 2 |  2.8
Long Blades    | 1 2 |  2.8
Maces & Flails | 1 2 |  2.8
Polearms       | 1 2 |  2.8
Staves         | 1 2 |  2.8
Slings         | 1 2 |  2.8
Bows           | 1 2 |  2.8
Crossbows      | 1 2 |  2.8
Throwing       | 1 2 |  2.8
Stealth        | 1 2 |  2.8
Shields        | 1 2 |  2.8
Unarmed Combat | 1 2 |  2.8
Evocations     | 1 2 |  2.8
Conjurations   | 1 2 |  2.3
Hexes          | 1 2 |  2.3
Summonings     | 1 2 |  2.3
Necromancy     | 1 2 |  2.3
Translocations | 1 2 |  2.3
Transmutations | 1 2 |  2.3
Fire Magic     | 1 2 |  2.3
Ice Magic      | 1 2 |  2.3
Air Magic      | 1 2 |  2.3
Earth Magic    | 1 2 |  2.3
Poison Magic   | 1 2 |  2.3
Armour         | 3 |  3.9
Fighting       | 5 |  5.4
Axes           | 5 |  5.4
Dodging        | 5 |  5.4
Charms         | |  5.9

Action                   |  1- 3 |  4- 6 |  7- 9 || total
-------------------------+-------+-------+-------++-------
Melee: Hand axe          |    86 |    84 |    49 ||   219
       Bite              |     5 |    12 |     6 ||    23
       Punch             |       |     1 |       ||     1
Throw: Stone             |       |       |     2 ||     2
 Cast: Infusion          |     1 |     1 |       ||     2
       Song of Slaying   |     8 |     8 |     2 ||    18
       Spectral Weapon   |     2 |    10 |     6 ||    18
       Regeneration      |     1 |     3 |     2 ||     6
       Shroud of Golubri |       |     1 |     4 ||     5
  Use: Scroll            |       |     7 |     2 ||     9
       Potion            |       |     1 |     3 ||     4
 Stab: Distracted        |       |       |     2 ||     2
  Eat: Chunk             |       |     2 |     1 ||     3
Armor: Leather armour    |    26 |    19 |    19 ||    64
Dodge: Dodged            |    71 |    65 |    54 ||   190

Table legend:
 A = Turns spent in this place as a percentage of turns spent in the entire game.
 B = Non-inter-level travel turns spent in this place as a percentage of non-inter-level travel turns spent in the entire game.
 C = Inter-level travel turns spent in this place as a percentage of turns spent in this place.
 D = Turns resting spent in this place as a percentage of non-inter-level travel turns spent in this place.
 E = Turns spent auto-exploring this place as a percentage of non-inter-level travel turns spent in this place.
 F = Non-inter-level travel turns spent in this place divided by the number of levels of this place that you've seen.
                   A       B       C       D       E      F
               +-------+-------+-------+-------+-------+----------------------
         Total | 100.0 | 100.0 |   1.7 |   0.0 |   0.0 | 129.5
       Dungeon |  98.6 |  99.2 |   1.1 |   0.0 |   0.0 | 142.7
        Temple |   1.4 |   0.8 |  42.1 |   0.0 |   0.0 |  11.0
               +-------+-------+-------+-------+-------+----------------------

Table legend:
 A = Kills in this place as a percentage of kills in entire the game.
 B = Kills by you in this place as a percentage of kills by you in the entire game.
 C = Kills by friends in this place as a percentage of kills by friends in the entire game.
 D = Other kills in this place as a percentage of other kills in the entire game.
 E = Experience gained in this place as a percentage of experience gained in the entire game.
 F = Experience gained in this place divided by the number of levels of this place that you have seen.
                   A       B       C       D       E      F
               +-------+-------+-------+-------+-------+----------------------
         Total | 100.0 | 100.0 |   N/A |   N/A | 100.0 | 124.5
       Dungeon | 100.0 | 100.0 |   N/A |   N/A | 100.0 | 138.3
               +-------+-------+-------+-------+-------+----------------------

Vault maps used:
D:1:      wheals_arrival_shading
D:2:      fiery_altar_vehumet, lemuel_coloured_pillars_altar,
          uniq_crazy_yiuf_cottage, uniq_natasha
D:3:      overflow_temple_1_default, nicolae_gozag_zags_fifth_avenue,
          nicolae_qazlal_style_of_elements
D:4:      nicolae_overflow_crystal_walls, ashenzari_altar_1, temple_hall,
          first_ration, serial_shops, shop
D:5:      lemuel_doored_altar, basic_altar, grunt_ministairs_13,
          solitary_fountain, minivault_1
D:6:      serial_shops, shop, kennysheep_crisscross, kennysheep_flooded_box,
          hangedman_decor_riveting, uniq_prince_ribbit1
D:7:      nicolae_dithmenos_shadow_blocks, overflow_temple_1_default
D:8:      uniq_pikel
D:9:      nicolae_overflow_hidden_temple, lair_entry_dummy, kennysheep_dice
Temple:   eino_temple_lava
